cohdb
Replays
Latest Replays
All Replays
Popular Replays
Top Player Replays
Match Explorer
How It Works
Community
CoH3 Stats
Reddit
Sign in to upload your games and track your stats! →
Sign in with Steam
Match 31947663
Unlisted
Match 31947663
Overview
Messages
Build Orders
End
Construct Barracks
Riflemen Squad
Riflemen Squad
Riflemen Squad
Selects Advanced Infantry Battlegroup
Infantry Support Center
Riflemen Squad
Selects Convert to Ranger Squad
Convert to Ranger Squad
Munitions Surplus
Survival Training
Grenade Package
Selects Frontline Medical Station
Frontline Medical Station
Construct Motor Pool
Selects Ammunition Storage
Advanced Logistics
Construct Weapon Support Center
Improved M9 Bazooka Rockets
Convert to Ranger Squad
Demolitions Package
Selects M2A1 105mm Howitzer Emplacement
Selects 155mm Rapid Artillery Barrage
Selects Ranger Weapon Training
HIBBLE
[EASY] CLUBs37
Bradders
RhysDevilx
午睡红茶
frye
bingbong
Heramant
0
0
Comments
sign in to comment!
No comments posted yet!